 Dungeon Crawl Stone Soup version 0.22-a0-538-g76cc104 (webtiles) character file.

530 reaverb the Skirmisher (level 7, 0/47 HPs)
             Began as a Tengu Conjurer on June 24, 2018.
             Was a Priest of Jiyva.
             Killed themself with a badly aimed fireball (6 damage)
             ... on level 4 of the Dungeon.
             The game lasted 00:12:32 (5362 turns).

reaverb the Skirmisher (Tengu Conjurer)             Turns: 5362, Time: 00:12:33

Health: 0/47       AC:  2    Str: 12    XL:     7   Next: 24%
Magic:  0/11       EV: 14    Int: 17    God:    Jiyva [***...]
Gold:   170        SH:  0    Dex: 14    Spells: 4/10 levels left

rFire    . . .     SeeInvis .   j - +0 spear
rCold    . . .     Gourm    .   (no shield)
rNeg     . . .     Faith    .   a - +0 robe
rPois    .         Spirit   .   (helmet restricted)
rElec    .         Reflect  .   (no cloak)
rCorr    +         Harm     .   (no gloves)
MR       .....                  (boots unavailable)
Stlth    ++........             (no amulet)
HPRegen  0.15/turn              r - +3 ring of strength
MPRegen  0.12/turn              w - ring of resist corrosion

@: no status effects
A: beak, talons 3, MP-powered wands, able to fly 1
a: Fly, Request Jelly, Renounce Religion


You were on level 4 of the Dungeon.
You worshipped Jiyva.
Jiyva was most pleased with you.
You were not hungry.

You visited 1 branch of the dungeon, and saw 4 of its levels.
You also visited: Sewer.

You collected 170 gold pieces.

Notes
Turn   | Place    | Note
-------+----------+-------------------------------------------
     0 | D:1      | reaverb the Tengu Conjurer began the quest for the Orb.
     0 | D:1      | Reached XP level 1. HP: 10/10 MP: 4/4
   133 | D:1      | Reached skill level 1 in Fighting
   245 | D:1      | Reached XP level 2. HP: 16/16 MP: 1/6
   583 | D:1      | Reached skill level 2 in Fighting
   687 | D:1      | Learned a level 2 spell: Searing Ray
   817 | D:1      | Reached XP level 3. HP: 22/22 MP: 3/7
  1645 | D:2      | Reached skill level 3 in Fighting
  1977 | D:2      | Noticed Terence
  2010 | D:2      | Huge Dmg: 6 Dmg
  2011 | D:2      | Huge Dmg: 6 Dmg
  2012 | D:2      | Huge Dmg: 5 Dmg
  2013 | D:2      | Huge Dmg: 3 Dmg
  2345 | D:2      | Learned a level 3 spell: Dazzling Spray
  2502 | D:2      | Killed Terence
  2502 | D:2      | Reached XP level 4. HP: 29/29 MP: 3/8
  2618 | D:2      | Noticed Sigmund
  2627 | D:2      | Huge Dmg: 6 Dmg
  2632 | D:2      | Killed Sigmund
  2632 | D:2      | Reached skill level 5 in Fighting
  2632 | D:2      | Gained mutation: You can fly. [Tengu growth]
  2632 | D:2      | Reached XP level 5. HP: 29/36 MP: 0/9
  2632 | D:2      | Reached XP level 6. HP: 33/41 MP: 0/10
  3141 | D:2      | Huge Dmg: 7 Dmg
  3142 | D:2      | Huge Dmg: 8 Dmg
  3142 | D:2      | Reached skill level 6 in Fighting
  4444 | D:3      | Found a faded altar of an unknown god.
  4450 | D:3      | Became a worshipper of Jiyva Jerif the Shapeless
  4450 | D:3      | Reached * piety under Jiyva
  4633 | D:4      | Huge Dmg: 10 Dmg
  4863 | D:4      | Reached ** piety under Jiyva
  4899 | D:4      | Found a shattered altar of Ashenzari.
  5030 | D:4      | Found a staircase to the Ecumenical Temple.
  5088 | D:4      | Found a glowing drain.
  5093 | Sewer    | Entered a sewer
  5112 | Sewer    | Noticed Purgy
  5124 | Sewer    | Killed Purgy
  5124 | Sewer    | Reached XP level 7. HP: 47/47 MP: 1/11
  5155 | Sewer    | Huge Dmg: 21 Dmg
  5185 | Sewer    | Reached *** piety under Jiyva
  5345 | D:4      | Gained mutation: You expend magic power (3 MP) to strengthen your wands. [Jiyva's grace]
  5356 | D:4      | Huge Dmg: 8 Dmg
  5357 | D:4      | Huge Dmg: 12 Dmg
  5361 | D:4      | Huge Dmg: 11 Dmg
  5362 | D:4      | Huge Dmg: 2 Dmg
  5362 | D:4      | Killed themself with a badly aimed fireball

Inventory:

Hand Weapons
 h - a +0 hand axe
 j - a +0 spear (weapon)
 t - a +0 falchion
Missiles
 d - 6 curare-tipped needles
 f - 7 javelins of penetration (quivered)
Armour
 a - a +0 robe (worn)
 e - a +0 pair of boots
Jewellery
 r - a +3 ring of strength (left hand)
 w - a ring of resist corrosion (right hand)
Wands
 u - a wand of random effects (18)
Scrolls
 k - a scroll of random uselessness
 l - a scroll of teleportation {unknown}
 s - 2 scrolls of remove curse
Potions
 b - a potion of brilliance {unknown}
 g - a potion of might {unknown}
 i - 3 potions of magic
 o - a potion of resistance {unknown}
 p - 2 potions of ambrosia
 q - a potion of cancellation {unknown}
 x - 2 potions of lignification {!q}
Comestibles
 c - 7 rations

Table legend:
 A = Turns spent in this place as a percentage of turns spent in the entire game.
 B = Non-inter-level travel turns spent in this place as a percentage of non-inter-level travel turns spent in the entire game.
 C = Inter-level travel turns spent in this place as a percentage of turns spent in this place.
 D = Turns resting spent in this place as a percentage of non-inter-level travel turns spent in this place.
 E = Turns spent auto-exploring this place as a percentage of non-inter-level travel turns spent in this place.
 F = Non-inter-level travel turns spent in this place divided by the number of levels of this place that you've seen.
                   A       B       C       D       E      F
               +-------+-------+-------+-------+-------+----------------------
         Total | 100.0 | 100.0 |   2.0 |  34.9 |  33.6 | 1050.6
       Dungeon |  96.9 |  96.8 |   2.1 |  35.6 |  34.7 | 1271.8
         Sewer |   3.1 |   3.2 |   0.0 |  12.7 |   0.0 | 166.0
               +-------+-------+-------+-------+-------+----------------------


   Skills:
 - Level 6.4 Fighting
 + Level 4.3 Dodging
 - Level 2.0 Stealth
 - Level 2.0 Spellcasting
 - Level 5.3 Conjurations


You had 4 spell levels left.
You knew the following spells:

 Your Spells              Type           Power        Failure   Level  Hunger
a - Magic Dart            Conj           ###.         2%          1    #......
b - Searing Ray           Conj           ###...       3%          2    ###....
c - Dazzling Spray        Conj/Hex       ##....       21%         3    ###....

Your spell library contained the following spells:

 Spells                   Type           Power        Failure   Level  Hunger
 Iskenderun's Mystic Bla  Conj           ###.....     22%         4    #####..
 Fulminant Prism          Conj/Hex       ##........   54%         4    #####..
 Force Lance              Conj/Tloc      ##......     54%         4    #####..


Dungeon Overview and Level Annotations

Branches:
Dungeon (4/15)             Temple (0/1) D:4

Altars:
Ashenzari
Jiyva


Innate Abilities, Weirdness & Mutations

You have a beak for a mouth.
You have claws for feet.
You can fly.
You expend magic power (3 MP) to strengthen your wands.


Message History

Press: ? - help, Dir - move target cursor, f/p - orc
Aim: an orc, wielding a club (severely wounded)
You barely miss the orc. You claw the orc, but do no damage.
The orc is severely wounded.
The orc hits you with a club.
Damage: -8%(-4hp) hp: 92%(43hp) Attack whom?
Press: ? - help, Dir - move target cursor, f/p - orc
Aim: an orc, wielding a club (severely wounded)
You barely miss the orc.
The orc is severely wounded.
The orc hits you with a club.
Damage: -4%(-2hp) hp: 88%(41hp) Attack whom?
Press: ? - help, Dir - move target cursor, f/p - orc
Aim: an orc, wielding a club (severely wounded)
You closely miss the orc.
The orc is severely wounded.
The orc hits you but does no damage. The orc hits you with a club.
Damage: -7%(-3hp) hp: 81%(38hp)
The orc completely misses you. The orc hits you but does no damage.
You hit the orc but do no damage.
You kill the orc!
The orc hits you but does no damage.
The orc priest invokes the aid of Beogh against you.
Beogh smites you!
Huge Dmg: -17%(-8hp) hp: 64%(30hp)
You hit the orc but do no damage. You claw the orc, but do no damage.
Your peck misses the orc.
The orc is severely wounded.
The orc hits you with a club. The orc hits you with a flail!
* * * LOW HITPOINT WARNING * * *
Huge Dmg: -25%(-12hp) hp: 39%(18hp) Unknown command.
Unknown command.
Unknown command.
Unknown command.
Okay, then.
Unknown command.
Unknown command.
Unknown command.
Unknown command.
Unknown command.
Evoke which item? (* to show all) (? for menu, Esc to quit)
Aiming: Random Effects
Press: ? - help, Shift-Dir - straight line, f - orc, p - orc
Aim: an orc, wielding a flail and wearing a ring mail The puff of flame hits the orc.
The orc is severely wounded.
You feel a surge of power! The orc closely misses you.
The orc barely misses you.
Evoke which item? (* to show all) (? for menu, Esc to quit)
Aiming: Random Effects
Press: ? - help, Shift-Dir - straight line, f - orc priest, p - orc
Aim: an orc priest, wielding a dagger The orc appears confused.
You feel a surge of power! The orc closely misses you.
Evoke which item? (* to show all) (? for menu, Esc to quit)
Aiming: Random Effects
Press: ? - help, Shift-Dir - straight line, f/p - orc priest
Aim: an orc priest, wielding a dagger The orc priest looks slightly unstable.
You feel a surge of power!
The orc gestures wildly.
The orc barely misses you.
The orc priest calls down the wrath of Beogh upon you.
Beogh smites you!
* * * LOW HITPOINT WARNING * * *
Huge Dmg: -23%(-11hp) hp: 18%(8hp) Evoke which item? (* to show all) (? for menu, Esc to quit)
Aiming: Random Effects
Press: ? - help, Shift-Dir - straight line, f/p - orc priest
Aim: an orc priest, wielding a dagger The bolt of negative energy hits the orc priest.
The orc priest is drained!
The orc priest is heavily wounded.
The bolt of negative energy hits the orc.
The orc is drained!
You kill the orc!
* * * LOW MAGIC WARNING * * *
You feel a slight surge of power. The orc hits you with a club.
* * * LOW HITPOINT WARNING * * *
The orc priest hits you with a dagger.
* * * LOW HITPOINT WARNING * * *
Huge Dmg: -5%(-2hp) hp: 13%(6hp)
Okay, then.
Evoke which item? (* to show all) (? for menu, Esc to quit)
Okay, then.
Casting: Searing Ray (safe; 3% risk of failure)
Confirm with . or Enter, or press ? or * to list all spells.
You don't have enough magic to cast that spell.
Unknown command.
Unknown command.
Evoke which item? (* to show all) (? for menu, Esc to quit)
Aiming: Random Effects
Press: ? - help, Shift-Dir - straight line, f/p - orc priest
Aim: an orc priest, wielding a dagger (heavily wounded, heavily drained)
The fireball explodes!
The fireball engulfs the orc priest.
The orc priest is almost dead.
The fireball engulfs you!
You die...

.. #.......##..(#......# ..
#.......#...(#......#
...#####.......#....#......#
...............#....'......#
...............#....#......+
...............######......# # #
........................######.##
........................#........
................@o.>....'........
.................o).....# .....
........................#### #..#
...#.........##'####......J###..#
...#.........#.....#.J.....#.....
..##.........#.....#.......#.....
..#................#.......#.....
.##..........###...#.......####'#
.#....###......#..)#.....o....o..


You could see an orc priest, an orc and a neutral jelly (fellow slime).

Table legend:
 A = Kills in this place as a percentage of kills in entire the game.
 B = Kills by you in this place as a percentage of kills by you in the entire game.
 C = Kills by friends in this place as a percentage of kills by friends in the entire game.
 D = Other kills in this place as a percentage of other kills in the entire game.
 E = Experience gained in this place as a percentage of experience gained in the entire game.
 F = Experience gained in this place divided by the number of levels of this place that you have seen.
                   A       B       C       D       E      F
               +-------+-------+-------+-------+-------+----------------------
         Total | 100.0 | 100.0 |   N/A | 100.0 | 100.0 | 151.6
       Dungeon |  92.9 |  95.1 |   N/A |   0.0 |  85.2 | 161.5
         Sewer |   7.1 |   4.9 |   N/A | 100.0 |  14.8 | 112.0
               +-------+-------+-------+-------+-------+----------------------

Vanquished Creatures
  Sigmund (D:2)
  A bullfrog (D:2)
  A scorpion (D:4)
  A hound (D:4)
  An orc wizard (D:4)
  Terence (D:2)
  4 adders
  An adder skeleton (D:4)
  A worm (D:2)
  A dart slug (D:3)
  5 orcs
  8 bats
  6 giant cockroaches (D:1)
  7 hobgoblins
  4 jackals (D:1)
  4 quokkas
  3 ball pythons
  6 frilled lizards
  4 goblins
  8 kobolds
  A leopard gecko skeleton (D:4)
  13 rats
82 creatures vanquished.

Vanquished Creatures (others)
  Purgy (Sewer)
  An ogre (D:4)
  A jelly (D:4)
  A hound (D:4)
  An orc priest (D:4)
  A worker ant (D:4)
  An adder (D:4)
  2 river rats (D:4)
  2 orcs (D:4)
  2 giant cockroaches (D:4)
  2 ball pythons (D:4)
  2 frilled lizards (Sewer)
  3 rats (D:4)
20 creatures vanquished.

Grand Total: 102 creatures vanquished

Action                   |  1- 3 |  4- 6 |  7- 9 || total
-------------------------+-------+-------+-------++-------
Melee: Unarmed           |    10 |       |       ||    10
       Peck              |     4 |     1 |       ||     5
       Spear             |    39 |    27 |    14 ||    80
       Kick              |     5 |     6 |     4 ||    15
 Cast: Magic Dart        |    50 |    21 |       ||    71
       Searing Ray       |     9 |    14 |     1 ||    24
Evoke: Wand              |       |       |     4 ||     4
  Use: Scroll            |     1 |     7 |       ||     8
       Potion            |       |     1 |       ||     1
 Stab: Sleeping          |     2 |     2 |       ||     4
  Eat: Chunk             |     4 |     7 |       ||    11
       Ration            |     1 |       |       ||     1
Armor: Robe              |    15 |     8 |     4 ||    27
       Skin              |       |    21 |     5 ||    26
Dodge: Dodged            |    41 |    30 |     9 ||    80
